 Dungeon Crawl Stone Soup version 0.19.0-19-g8c6edcc (webtiles) character file.

268 Leibowitz the Cutter (level 6, -5/36 HPs)
             Began as a Kobold Gladiator on Nov 12, 2016.
             Killed by nerve-wracking pain
             ... invoked by Menkaure
              (10 damage)
             ... on level 4 of the Dungeon.
             The game lasted 00:10:57 (3197 turns).

Leibowitz the Cutter (Kobold Gladiator)             Turns: 3197, Time: 00:10:58

Health: -5/36      AC:  6    Str: 12    XL:     6   Next: 46%
Magic:  6/6        EV: 18    Int:  9    God:
Gold:   112        SH:  0    Dex: 24    Spells: 0 memorised, 5 levels left

rFire  . . .     SeeInvis .     a - +0 rapier
rCold  . . .     Gourm    .     b - +0 leather armour
rNeg   . . .     Faith    .     (shield restricted)
rPois  .         Spirit   .     c - +0 helmet
rElec  .         Reflect  .     d - +1 cloak
rCorr  .         Harm     .     (no gloves)
MR     .....                    (no boots)
Stlth  +++.......               u - amulet of magic regeneration
                                (no ring)
                                g - +6 ring of dexterity

@: very slightly contaminated, hasted, very quick
A: carnivore 3
a: no special abilities


You were on level 4 of the Dungeon.
You were completely stuffed.

You visited 1 branch of the dungeon, and saw 4 of its levels.

You collected 112 gold pieces.

Inventory:

Hand Weapons
 a - a +0 rapier (weapon)
Missiles
 l - 8 poisoned needles
Armour
 b - a +0 leather armour (worn)
 c - a +0 helmet (worn)
 d - a +1 cloak (worn)
Jewellery
 g - a +6 ring of dexterity (left hand)
 u - an amulet of magic regeneration (around neck)
Scrolls
 e - 5 scrolls of recharging {unknown}
 h - 4 scrolls of identify {unknown}
 o - a scroll of remove curse {unknown}
 q - a scroll of enchant weapon {unknown}
 r - 2 scrolls of noise {unknown}
 s - 5 scrolls of teleportation {unknown}
 v - a scroll of magic mapping {unknown}
 y - a scroll of enchant armour {unknown}
Potions
 k - a potion of curing
 n - a potion of mutation {unknown}
 p - a potion of lignification {unknown}
 w - a potion of degeneration {unknown}
 z - a potion of invisibility {unknown}
Comestibles
 f - 3 meat rations
 i - a royal jelly
 t - 3 slices of pizza
 x - 2 chunks of flesh


   Skills:
 + Level 2.9 Fighting
 + Level 6.2 Short Blades
 + Level 2.4 Throwing
 + Level 2.0 Armour
 + Level 4.6 Dodging
 + Level 2.6 Stealth


You had 5 spell levels left.
You didn't know any spells.

Dungeon Overview and Level Annotations

Branches:
Dungeon (4/15)
 Temple: D:4-7

Altars:
Hepliaklqana

Annotations:
D:4 Menkaure


Innate Abilities, Weirdness & Mutations

You are small and have problems with some larger weapons.
You are carnivorous and can eat meat at any time.


Message History

Menkaure gestures wildly while chanting.
You barely miss Menkaure.
Menkaure is heavily damaged.
You hit Menkaure.
Menkaure is severely damaged.
Menkaure barely misses you.
You hit Menkaure but do no damage.
Menkaure is severely damaged.
Menkaure closely misses you.
You barely miss Menkaure.
Menkaure is severely damaged.
You barely miss Menkaure.
Menkaure is severely damaged.
Menkaure hits you.
* * * LOW HITPOINT WARNING * * *
You barely miss Menkaure.
Menkaure is severely damaged.
Menkaure gestures at you while chanting.
Pain shoots through your body!
You die...

####### #.....#
#.....# #.....#
#.....# #.....+
#.M...# # #.#@..#
##. #.#.#######
....#.#?###... .##
##..#.#.#... ....
........#.####..##
###...............
.....(.....##..###
.............>....
(.?...#..#..#..##


You could see Menkaure.

Vanquished Creatures
  Crazy Yiuf (D:3)
  Ijyb (D:2)
  Terence (D:2)
  2 worker ants
  Robin (D:3)
  5 adders
  4 worms
  3 dart slugs
  A leopard gecko (D:1)
  3 giant cockroaches
  17 goblins
  9 hobgoblins
  2 quokkas (D:2)
  A ball python (D:3)
  10 bats
  7 frilled lizards
  2 kobolds (D:3)
  2 rats
72 creatures vanquished.

Notes
Turn   | Place    | Note
-------+----------+-------------------------------------------
     0 | D:1      | Leibowitz the Kobold Gladiator began the quest for the Orb.
     0 | D:1      | Reached XP level 1. HP: 12/12 MP: 1/1
    79 | D:1      | Reached XP level 2. HP: 18/18 MP: 2/2
   338 | D:1      | You fall through a shaft!
   367 | D:2      | Reached XP level 3. HP: 20/22 MP: 3/3
   702 | D:2      | Found a hazy altar of Hepliaklqana.
   915 | D:2      | Reached skill level 5 in Short Blades
   915 | D:2      | Reached XP level 4. HP: 17/27 MP: 4/4
   916 | D:2      | Noticed Terence
  1035 | D:2      | Killed Terence
  1035 | D:2      | Reached skill level 1 in Armour
  1490 | D:2      | Reached XP level 5. HP: 31/31 MP: 5/5
  1536 | D:2      | Noticed Ijyb
  1556 | D:2      | Killed Ijyb
  1556 | D:2      | Reached skill level 1 in Stealth
  1844 | D:3      | Found a runed door.
  1848 | D:3      | Noticed Crazy Yiuf
  1855 | D:3      | Killed Crazy Yiuf
  2415 | D:3      | Reached XP level 6. HP: 34/36 MP: 6/6
  2625 | D:4      | Reached skill level 6 in Short Blades
  2833 | D:4      | Noticed Robin
  2857 | D:3      | Killed Robin
  3168 | D:4      | Noticed Menkaure
  3197 | D:4      | Killed from afar by Menkaure

Skill      XL: |  1  2  3  4  5  6 |
---------------+-------------------+-----
Dodging        | 4 |  4.6
Short Blades   | 5 6 |  6.2
Armour         | 1 2 |  2.0
Stealth        | 1 2 |  2.6
Fighting       | |  2.9
Throwing       | |  2.4

Action                   |  1- 3 |  4- 6 || total
-------------------------+-------+-------++-------
Melee: Rapier            |    89 |   177 ||   266
Throw: Throwing net      |       |     4 ||     4
  Use: Potion            |       |     4 ||     4
 Stab: Sleeping          |     3 |     8 ||    11
       Held in net/web   |       |     3 ||     3
  Eat: Chunk             |     8 |     8 ||    16
Armor: Leather armour    |    17 |    23 ||    40
Dodge: Dodged            |    60 |   114 ||   174
